 Seeded DCSS version 0.30.1-9-gdf580d7c3d (webtiles) character file.

Game seed: 3384208936256440443 (custom seed)

11973 Psyclone the Thaumaturge (level 11, -8/72 HPs)
             Began as a Deep Elf Conjurer on Sept 29, 2023.
             Was an Initiate of Ashenzari.
             Mangled by a troll (10 damage)
             ... on level 9 of the Dungeon.
             The game lasted 00:27:33 (9070 turns).

Psyclone the Thaumaturge (Deep Elf Conjurer)        Turns: 9070, Time: 00:27:34

Health: -8/72      AC:  6    Str:  4    XL:     11   Next: 56%
Magic:  17/29      EV: 16    Int: 28    God:    Ashenzari [......]
Gold:   448        SH:  0    Dex: 13    Spells: 19/35 levels left

rFire   + . .        y - +5 woodcutter's axe
rCold   . . .        (shield currently unavailable)
rNeg    . . .        a - +2 robe {rF+}
rPois   +            s - +0 helmet
rElec   .            d - +0 cloak
rCorr   +            (no gloves)
SInv    .            (no boots)
Will    +....        g - amulet of magic regeneration
Stlth   ++           u - ring of resist corrosion
HPRegen 0.32/turn    w - ring of poison resistance
MPRegen 0.61/turn

%: no passive effects
@: no status effects
A: no striking features
a: Renounce Religion, Curse Item


You were on level 9 of the Dungeon.
You worshipped Ashenzari.
Ashenzari was noncommittal.
You visited 2 branches of the dungeon, and saw 10 of its levels.
You also visited: Sewer and Bailey.

You collected 448 gold pieces.

Inventory:

Hand Weapons
 k - a +1 short sword of venom
 y - the +5 woodcutter's axe (weapon)
   (You found it on level 6 of the Dungeon)
Armour
 a - a +2 robe of fire resistance (worn)
 d - a +0 cloak (worn)
 s - a +0 helmet (worn)
Jewellery
 g - an amulet of magic regeneration (around neck)
 u - a ring of resist corrosion (left hand)
 w - a ring of poison resistance (right hand)
 F - a ring of protection from fire
Wands
 A - a wand of iceblast (3)
 C - a wand of charming (4)
 E - a wand of acid (8)
Scrolls
 h - 3 scrolls of magic mapping
 j - 5 scrolls of fear
 o - a scroll of identify {@r1}
 q - a scroll of enchant armour
 r - 2 scrolls of teleportation
 t - 3 scrolls of blinking
 x - 3 scrolls of poison
 B - a scroll of fog
 D - a scroll of brand weapon
Potions
 b - 2 potions of magic
 c - a potion of curing
 e - 5 potions of heal wounds {unknown}
 f - 3 potions of lignification {unknown}
 i - a potion of degeneration {unknown}
 l - a potion of brilliance {unknown}
 m - a potion of resistance
 n - a potion of mutation {unknown}
 p - a potion of might {unknown}
 v - a potion of flight {unknown}
 z - 2 potions of berserk rage {unknown}
 G - a potion of ambrosia {unknown}
 H - a potion of haste {unknown}


   Skills:
 - Level 10.0 Fighting
 - Level 10.0 Dodging
 - Level 2.4 Stealth
 + Level 12.5 Spellcasting
 - Level 9.0 Conjurations
 - Level 9.0 Hexes
 - Level 3.0 Translocations


You had 19 spell levels left.
You knew the following spells:

 Your Spells              Type           Power      Damage    Failure   Level
a - Magic Dart            Conj           100%       1d8       1%          1
b - Searing Ray           Conj           100%       2d8       1%          2
c - Dazzling Flash        Conj/Hex       100%       N/A       1%          3
d - Fulminant Prism       Conj/Hex       30%        3d16      1%          4
e - Iskenderun's Mystic   Conj/Tloc      50%        2d11      2%          4
q - Blink                 Tloc           68%        N/A       1%          2

Your spell library contained the following spells:

 Spells                   Type           Power      Damage    Failure   Level
 Lesser Beckoning         Tloc           68%        N/A       1%          2
 Momentum Strike          Conj/Tloc      100%       3d10      1%          2
 Cigotuvi's Dreadful Rot  Necr/Pois/Air  34%        N/A       4%          2
 Dispel Undead            Necr           17%        3d10      30%         4
 Death Channel            Necr           8%         N/A       99%         6


Dungeon Overview and Level Annotations

Branches:
Dungeon (9/15) Zot: 26920  Temple (1/1) D:5 Zot: 5795    Lair (0/5) D:9
  Sewer (visited)          Bailey (visited)
    Orc: D:9-12

Altars:
Ashenzari
Cheibriados
Dithmenos
Elyvilon
Fedhas
Hepliaklqana
Kikubaaqudgha
Makhleb
Nemelex Xobeh
Okawaru
Qazlal
Ru
Sif Muna
Trog
Uskayaw
Vehumet
Wu Jian
Xom
Yredelemnul
The Shining One

Annotations:
D:3 exclusions: 2 downstairs and 1 more exclusion


Message History

Press: ? - help, Dir - move target You conjure a prism of explosive energy!
A fulminant prism comes into view.
You now have 23/29 mp.
Casting: Fulminant Prism (dangerous; 1% risk of failure)
Confirm with . or Enter, or press ? or * to list all spells.
Aiming: Fulminant Prism (dangerous; 1% risk of failure)
Press: ? - help, Dir - move target You conjure a prism of explosive energy!
A fulminant prism comes into view.
The troll closely misses you. The troll barely misses you. The troll claws you!
Your fulminant prism crackles loudly.
You take 11 damage, and have 43/72 hp.
You now have 19/29 mp.
The troll bites you! The troll claws you. The troll completely misses you.
A hound comes into view.
Your fulminant prism explodes!
The blast of energy engulfs the hound!!
You kill the hound!
Your fulminant prism crackles loudly.
You hear a bellow!
You hear a shout!
You take 13 damage, and have 30/72 hp.
The troll bites you!
* * * LOW HITPOINT WARNING * * *
The troll misses you. The troll claws you.
* * * LOW HITPOINT WARNING * * *
Your fulminant prism explodes!
The blast of energy engulfs the troll!
The troll is moderately wounded.
The bullfrog croaks.
You take 13 damage, and have 17/72 hp.
Casting: Fulminant Prism (dangerous; 1% risk of failure)
Confirm with . or Enter, or press ? or * to list all spells.
Aiming: Fulminant Prism (dangerous; 1% risk of failure)
Press: ? - help, Dir - move target You conjure a prism of explosive energy!
A fulminant prism comes into view.
The troll bites you!
* * * LOW HITPOINT WARNING * * *
The troll claws you!
You die...

..........>..≈~≈~
~~~~~~~~....~≈≈≈.
~~≈≈≈≈≈Yh††~.≈≈~~
.~≈≈~.≈≈≈≈h≈≈~≈F.
..~~.~~≈≈≈≈≈≈h~~~
~~≈..~~~≈≈≈≈≈≈..~
..~...*≈≈≈≈≈≈F...
......T@≈~≈≈~~~..
......?#.#.......
########.#.######
###########.#.#....#
..........#.#.#.##.#
..........#.#<#.##.#
..........'.###.##.#
..........### #....#
..........### #..###


You could see a yak, a troll (ally target), a bullfrog, 3 hounds and a friendly
fulminant prism.

Vanquished Creatures
  A two-headed ogre (Bailey)
  A hornet (D:6)
  Grinder (D:5)
  5 spriggans (Bailey)
  2 shadows (D:5)
  Eustachio (D:4)
  3 steam dragons
  2 acid dragons (D:8)
  Duvessa (D:4)
  A sky beast (D:7)
  8 ogres (Bailey)
  2 wolves (D:9)
  2 centaurs
  3 phantoms
  6 gnoll sergeants (D:6)
  3 bullfrogs
  A scorpion (D:5)
  3 wights (D:7)
  Dowan (D:4)
  2 electric eels (D:9)
  A howler monkey (D:7)
  4 hounds
  6 jellies
  3 orc priests
  2 gnoll boudas (D:6)
  4 iguanas
  2 sleepcaps (D:5)
  Crazy Yiuf (D:4)
  8 orc wizards
  A gnoll (D:6)
  7 adders
  2 river rats (Sewer)
  An ufetubus (D:4)
  2 worms
  6 dart slugs
  24 orcs
  6 ball pythons
  17 endoplasms
  12 giant cockroaches
  2 goblins
  3 hobgoblins
  2 jackals (D:3)
  10 kobolds
  11 quokkas
  8 bats
  2 frilled lizards (D:1)
  9 rats
205 creatures vanquished.

Vanquished Creatures (others)
  45 fulminant prisms
45 creatures vanquished.

Grand Total: 250 creatures vanquished

Notes
Turn   | Place    | Note
-------+----------+-------------------------------------------
     0 | D:1      | Psyclone the Deep Elf Conjurer began the quest for the Orb.
     0 | D:1      | Reached XP level 1. HP: 10/10 MP: 6/6
   271 | D:1      | Reached XP level 2. HP: 15/15 MP: 5/8
  1007 | D:1      | Learned a level 2 spell: Searing Ray
  1284 | D:2      | Reached skill level 4 in Spellcasting
  1384 | D:2      | Reached skill level 5 in Conjurations
  1384 | D:2      | Reached XP level 3. HP: 19/19 MP: 6/10
  2170 | D:2      | Found a faded altar of an unknown god.
  2348 | D:3      | Reached XP level 4. HP: 24/24 MP: 8/12
  2543 | D:3      | Reached skill level 5 in Spellcasting
  2554 | D:3      | Found a glowing drain.
  2637 | Sewer    | Entered a sewer
  2981 | Sewer    | Reached XP level 5. HP: 28/28 MP: 10/15
  3050 | Sewer    | Reached skill level 6 in Spellcasting
  3053 | Sewer    | Found a viscous altar of Jiyva.
  3221 | D:3      | Reached XP level 6. HP: 30/32 MP: 10/17
  3812 | D:4      | Noticed Duvessa
  3812 | D:4      | Noticed Dowan
  4093 | D:3      | Learned a level 4 spell: Fulminant Prism
  4149 | D:4      | Found a sacrificial altar of Ru.
  4234 | D:4      | Killed Dowan
  4235 | D:4      | Reached skill level 7 in Spellcasting
  4236 | D:4      | Killed Duvessa
  4331 | D:4      | Reached XP level 7. HP: 36/36 MP: 16/19
  4353 | D:4      | Noticed Eustachio
  4362 | D:4      | Killed Eustachio
  4483 | D:4      | Found a snail-covered altar of Cheibriados.
  4720 | D:4      | Found a runed translucent door.
  4723 | D:4      | Noticed Crazy Yiuf
  4732 | D:4      | Killed Crazy Yiuf
  4733 | D:4      | Reached skill level 5 in Hexes
  4928 | D:5      | Entered Level 5 of the Dungeon
  4933 | D:5      | Found a glowing golden altar of the Shining One.
  4935 | D:5      | Found a broken altar of Ashenzari.
  4975 | D:5      | Became a worshipper of Ashenzari the Shackled
  5051 | D:5      | Learned a level 2 spell: Blink
  5065 | D:5      | Found a staircase to the Ecumenical Temple.
  5104 | Temple   | Entered the Ecumenical Temple
  5377 | D:5      | Noticed a shadow
  5386 | D:5      | Killed a shadow
  5387 | D:5      | Reached skill level 1 in Fighting
  5387 | D:5      | Reached XP level 8. HP: 43/43 MP: 11/21
  5416 | D:5      | Noticed Grinder
  5422 | D:5      | Killed Grinder
  5486 | D:5      | Found an ornate altar of the Wu Jian Council.
  5488 | D:5      | Found an iron altar of Okawaru.
  5489 | D:5      | Found a radiant altar of Vehumet.
  5490 | D:5      | Found a shadowy altar of Dithmenos.
  5713 | D:5      | Found a sparkling altar of Nemelex Xobeh.
  5713 | D:5      | Found a transporter.
  6357 | D:6      | Noticed a hornet
  6365 | D:6      | Killed a hornet
  6366 | D:6      | Reached skill level 5 in Fighting
  6434 | D:6      | Found a hide-covered altar of Uskayaw.
  6435 | D:6      | Found a bloodstained altar of Trog.
  6518 | D:6      | Reached XP level 9. HP: 52/55 MP: 15/22
  6518 | D:6      | Reached skill level 10 in Fighting
  6518 | D:6      | Reached XP level 10. HP: 65/68 MP: 15/23
  6519 | D:6      | Reached skill level 9 in Spellcasting
  6519 | D:6      | Reached XP level 11. HP: 69/72 MP: 15/26
  6591 | D:6      | Identified the +1 hand axe of a Thousand Coins {chaos,
                  | rElec rCorr}
  6725 | D:6      | Found a white marble altar of Elyvilon.
  6736 | D:6      | Reached skill level 10 in Dodging
  7033 | D:6      | Found the +5 woodcutter's axe
  7206 | D:7      | Reached skill level 10 in Spellcasting
  7226 | D:7      | Found a flagged portal.
  7236 | Bailey   | Entered a bailey
  7397 | Bailey   | Reached skill level 11 in Spellcasting
  7435 | Bailey   | Noticed a two-headed ogre
  7445 | Bailey   | Identified the +0 swamp dragon scales of Imivegg {Rampage
                  | rPois Regen+}
  7449 | Bailey   | Killed a two-headed ogre
  7573 | Bailey   | Reached skill level 12 in Spellcasting
  8423 | D:7      | Learned a level 3 spell: Dazzling Flash
  8428 | D:7      | Learned a level 4 spell: Iskenderun's Mystic Blast
  9057 | D:9      | Found a staircase to the Lair.
  9070 | D:9      | HP: 2/72 [troll (15)]
  9070 | D:9      | Mangled by a troll

Illustrated notes

Levels and vault maps discovered:
D:1:      heliophobic_arrival_glass_houses, layout_loops_ring
D:2:      minmay_inner_zag, layout_basic, shapermc_ecumenical_altar_mp_vishouse,
          kennysheep_nondescript, st_stairs_12, minmay_tripent
D:3:      layout_loops_ring, gup_sewer_entry_pipe, small_statue_intersection
D:4:      layout_rooms, lemuel_doored_altar, lemuel_crystal_altar, serial_glass,
          glass_columns_b, glass_columns_b, glass_columns_a, glass_columns_b,
          glass_columns_a, glass_columns_a, glass_columns_b, glass_columns_a,
          glass_columns_a, glass_columns_c, st_stairs_14,
          uniq_crazy_yiuf_cottage, uniq_eustachio, uniq_duvessa
D:5:      layout_gridville, mainiacjoe_overflow_catch_the_wave, minitemple,
          grunt_nemelex_the_gamble, minmay_temple_entry_sparse_star,
          uniq_grinder
D:6:      layout_rooms, gammafunk_temple_overflow_pools,
          mainiacjoe_overflow_boulevard, pf_guarded_unrand_woodcutter
D:7:      layout_basic, enter_bailey_8
D:8:      layout_basic
D:9:      layout_basic, pdpol_temple_overflow_zin_treasury_gozag_greed,
          erik_lair_island, uniq_erica, uniq_amaemon
Temple:   nicolae_temple_bog_church

Skill      XL: |  1  2  3  4  5  6  7  8  9 10 11 |
---------------+----------------------------------+-----
Spellcasting   | 4 5 6 7 9 12 | 12.5
Conjurations   | 5 6 7 8 9 |  9.0
Hexes          | 6 8 9 |  9.0
Translocations | 3 |  3.0
Fighting       | 1 5 10 | 10.0
Dodging        | 8 9 10 | 10.0
Stealth        | |  2.4

Action                     |  1- 3 |  4- 6 |  7- 9 | 10-12 || total
---------------------------+-------+-------+-------+-------++-------
  Melee: Unarmed           |     1 |     3 |       |       ||     4
         Short sword       |       |     3 |     2 |       ||     5
         Battleaxe         |       |       |       |     2 ||     2
   Cast: Magic Dart        |    81 |    82 |    48 |    53 ||   264
         Searing Ray       |       |    17 |    20 |    28 ||    65
         Fulminant Prism   |       |     3 |    15 |    28 ||    46
    Use: Scroll            |     7 |     2 |     1 |     5 ||    15
         Potion            |     1 |       |     1 |     2 ||     4
   Stab: Sleeping          |       |       |     1 |       ||     1
 Armour: Robe              |     4 |     7 |     7 |     8 ||    26
  Dodge: Dodged            |    14 |    27 |    12 |    44 ||    97
